Map: Apotheosis LE

Players

Gracz

  • Race: Zerg Zerg
  • League: Silver

Karde - Winner!

  • Race: Terran Terran
  • League: Silver

VOD

Have the link to the VOD?

Description

Time

  • Played on: Sept. 30, 2016, 11:07 a.m.
  • Length: 19:43
Show
View Real Time Build Order
Export as new Build Order

Gracz Zerg 

Build Orders: Pool First 

Get SALT Encoding   

  12  0:01  Drone  
  13  0:15  Drone  
  13  0:18  Overlord  
  14  0:39  Spawning Pool  
  14  0:40  Drone  
  14  0:45  Drone  
  14  0:48  Drone  
  16  1:14  Hatchery  
  15  1:26  Zergling x6  
  15  1:29  Extractor  
  17  1:38  Zergling x2  
  18  1:40  Queen  
  20  2:13  Zergling x4  
  20  2:15  Overlord  
  22  2:44  Spine Crawler  
  21  2:55  Queen  
  23  3:00  Zergling x12  
  23  3:02  Zergling x6  
  32  3:19  Drone  
  29  3:56  Overlord  
  29  3:57  Overlord x2  
  29  4:14  Queen  
  31  4:23  Zergling x6  
  34  4:33  Drone x3  
  34  4:36  Overlord  
  34  4:37  Overlord x2  
  34  5:08  Zergling x4  
  36  5:15  Lair  
  36  5:29  Hatchery  
  32  5:45  Zergling x4  
  32  5:46  Zergling x2  
  32  5:48  Metabolic Boost  
  35  5:51  Drone x5  
  35  5:54  Drone  
  41  6:32  Queen  
  28  8:35  Drone  
  28  8:36  Drone x8  
  37  8:51  Hatchery  
  37  8:54  Nydus Network  
  35  9:35  Zergling x2  
  35  9:36  Zergling x14  
  43  9:47  Queen x2  
  47  10:27  Queen  
  49  10:30  Drone x15  
  62  11:13  Extractor  
  62  11:14  Extractor  
  60  11:28  Hatchery  
  59  11:33  Spire  
  59  11:34  Overlord x5  
  58  11:40  Zergling x2  
  58  11:41  Zergling x4  
  61  11:58  Drone  
  61  11:59  Drone x4  
  66  12:21  Extractor  
  65  12:23  Extractor  
  64  12:32  Extractor  
  63  12:38  Extractor  
  63  12:41  Extractor, Drone  
  63  12:42  Drone x3  
  65  12:46  Mutalisk  
  65  12:47  Mutalisk x6  
  79  13:15  Mutalisk x2  
  83  13:43  Mutalisk x2  
  87  14:04  Overlord x3  
  87  14:05  Overlord  
  66  15:30  Mutalisk x9  
  84  15:48  Drone  
  84  15:49  Drone x5  
  90  15:52  Zergling x2  
  90  15:53  Zergling x18  
  100  15:58  Infestation Pit  
  99  16:10  Evolution Chamber  
  98  16:19  Drone x2  
  98  16:20  Drone x2  
  98  16:54  Mutalisk  
  98  16:55  Mutalisk x6  
  98  17:26  Zerg Ground Armor Level 1  
  98  17:27  Evolution Chamber  
  97  17:30  Hive  
  97  17:51  Mutalisk x3  
  97  17:52  Mutalisk x4  
  97  17:56  Overlord  
  97  17:57  Overlord x3  
  111  18:19  Mutalisk x11  
  133  18:36  Mutalisk  
  133  18:37  Mutalisk x2  
Show
View Real Time Build Order
Export as new Build Order

Karde Terran - Winner!

Build Orders:  

Get SALT Encoding   

  12  0:02  SCV  
  13  0:17  Supply Depot  
  13  0:19  SCV  
  14  0:31  SCV  
  15  0:42  Supply Depot  
  15  0:43  SCV  
  16  0:54  Barracks  
  16  0:55  SCV  
  17  1:07  Supply Depot, SCV  
  18  1:19  SCV  
  18  1:25  Refinery  
  19  1:29  Refinery  
  19  1:31  SCV  
  20  1:44  SCV  
  21  1:48  Engineering Bay  
  21  1:52  Marine  
  22  1:56  SCV  
  23  2:03  Bunker  
  23  2:08  SCV  
  24  2:20  SCV  
  25  2:26  Missile Turret  
  25  2:31  Marine  
  25  2:32  SCV  
  27  2:44  SCV  
  27  2:49  Marine  
  28  2:56  SCV  
  29  3:02  Factory  
  29  3:07  Marine  
  29  3:08  SCV  
  31  3:14  Supply Depot  
  31  3:25  Marine  
  32  3:28  Command Center  
  32  3:43  Marine  
  33  3:53  Factory Tech Lab  
  33  4:00  Marine  
  34  4:05  Supply Depot  
  34  4:18  Marine  
  34  4:19  Siege Tank  
  38  4:29  Missile Turret  
  38  4:32  Hi-Sec Auto Tracking  
  38  4:36  Marine  
  39  4:38  Orbital Command  
  39  4:51  Siege Tank  
  42  4:53  Missile Turret  
  42  4:54  Marine  
  42  5:12  Supply Depot  
  42  5:23  Siege Tank  
  45  5:53  Barracks Tech Lab, Missile Turret  
  45  5:57  SCV  
  46  6:06  Widow Mine  
  46  6:08  Terran Infantry Weapons Level 1  
  46  6:09  SCV  
  49  6:13  Starport  
  49  6:16  Command Center  
  49  6:21  SCV  
  49  6:22  Armory  
  50  6:33  SCV  
  50  6:34  Widow Mine  
  50  6:37  Supply Depot  
  53  6:45  SCV  
  54  6:57  SCV  
  54  6:58  Missile Turret  
  54  7:00  Starport Reactor  
  55  7:08  Missile Turret, Marine  
  55  7:10  SCV  
  57  7:17  Missile Turret  
  57  7:22  Missile Turret, SCV  
  58  7:26  Marine  
  58  7:28  Refinery  
  59  7:32  Refinery  
  59  7:34  SCV x2  
  61  7:38  Liberator  
  61  7:40  Refinery  
  61  7:44  Marine  
  61  7:46  SCV x2  
  61  7:49  Sensor Tower  
  64  7:58  SCV x2  
  68  7:59  Starport  
  68  8:01  Marine  
  70  8:10  SCV x2  
  72  8:13  Factory  
  72  8:20  Concussive Shells  
  72  8:22  SCV  
  72  8:23  Marauder  
  75  8:27  Thor  
  75  8:31  Terran Infantry Armor Level 1  
  81  8:34  SCV  
  81  8:37  Starport Tech Lab  
  82  8:41  Starport  
  82  8:44  Marauder  
  82  8:46  SCV  
  85  8:54  Supply Depot  
  85  8:58  SCV  
  85  8:59  Terran Vehicle And Ship Armor Level 1  
  86  9:05  Armory  
  86  9:16  Marauder  
  88  9:19  Supply Depot  
  88  9:28  Cloaking Field  
  88  9:30  Barracks  
  88  9:34  Starport  
  88  9:36  SCV  
  89  9:41  Factory Tech Lab  
  89  9:48  SCV  
  89  9:50  SCV  
  91  9:55  Barracks  
  91  10:00  SCV  
  91  10:03  SCV  
  93  10:09  Sensor Tower  
  93  10:12  SCV  
  94  10:15  SCV  
  94  10:17  Missile Turret  
  95  10:24  SCV  
  95  10:27  SCV  
  97  10:29  Siege Tank  
  100  10:39  SCV  
  101  11:01  Siege Tank  
  104  11:11  Command Center  
  104  11:14  Viking x2  
  108  11:22  Starport Tech Lab  
  108  11:26  Starport Tech Lab  
  108  11:27  Liberator  
  108  11:32  Starport  
  108  11:34  Siege Tank  
  111  11:44  Viking  
  116  11:57  Terran Ship Weapons Level 1  
  116  12:01  Armory  
  116  12:03  Terran Vehicle Weapons Level 1  
  116  12:06  Liberator  
  116  12:09  Building Armor  
  116  12:10  Liberator  
  116  12:17  SCV  
  116  12:22  Refinery  
  117  12:29  SCV  
  124  12:31  Supply Depot  
  124  12:41  SCV  
  125  12:51  Barracks Reactor  
  125  12:53  SCV  
  125  12:54  Supply Depot  
  125  12:55  Hellion  
  128  13:16  Planetary Fortress, Hellion  
  128  13:17  Supply Depot  
  128  13:19  Planetary Fortress  
  130  13:34  Missile Turret  
  130  13:38  Hellion, Missile Turret  
  132  13:59  Hellion  
  130  14:03  Missile Turret  
  130  14:07  Missile Turret  
  122  14:21  Hellion  
  119  14:28  Refinery  
  115  14:37  Missile Turret  
  113  14:39  Missile Turret  
  113  14:41  Thor  
  113  14:44  Missile Turret  
  118  14:49  Missile Turret  
  118  14:57  Planetary Fortress  
  118  15:00  Liberator  
  118  15:01  Liberator  
  118  15:11  Explosive Shrapnel Shells  
  124  15:24  Thor  
  124  15:25  Infernal Pre-Igniter  
  129  15:37  SCV  
  130  15:43  Liberator  
  130  15:49  SCV  
  131  15:54  Barracks  
  131  16:02  SCV  
  135  16:07  Thor  
  141  16:14  SCV  
  142  16:26  Missile Turret, SCV  
  143  16:42  Barracks  
  143  16:44  Mag-Field Accelerator  
  143  16:46  Missile Turret  
  141  16:50  Thor  
  146  16:57  Raven  
  148  17:06  Missile Turret  
  148  17:07  Barracks Reactor  
  148  17:16  Terran Vehicle And Ship Armor Level 2  
  148  17:27  Missile Turret  
  148  17:28  Refinery  
  148  17:32  Widow Mine  
  150  17:38  Refinery  
  150  17:40  Raven  
  150  17:43  Raven  
  154  17:49  Missile Turret  
  154  17:51  Fusion Core  
  154  18:01  Widow Mine  
  156  18:07  Barracks Reactor  
  156  18:09  Missile Turret  
  156  18:22  Marine x2  
  158  18:30  Hellion, Supply Depot  
  160  18:40  Marine x2  
  162  18:47  Barracks Reactor  
  162  18:52  Hellion  
  164  18:57  Marine x2  
  164  19:13  Hellion  
  164  19:15  Marine  
Tags
 
Add a new tag
Caveats
  • Supply blocks, unpowered buildings, or Contaminate may cause inaccurate times.
  • Supply counts are checked every 10 seconds.